 Dungeon Crawl Stone Soup version 0.30-a0-728-gc68057be0a (webtiles) character file.

Game seed: 5093388884057534428

841 BigDaddyOpFi the Shield-Bearer (level 8, -19/64 HPs)
             Began as a Formicid Fighter on Jan 31, 2023.
             Killed by an exploding gnoll (42 damage)
             ... ignited by their inner flame
             ... on level 5 of the Dungeon.
             The game lasted 00:05:22 (4929 turns).

BigDaddyOpFi the Shield-Bearer (Formicid Fighter)   Turns: 4929, Time: 00:05:22

Health: -19/64     AC: 13    Str: 22    XL:     8   Next: 19%
Magic:  8/8        EV:  7    Int:  9    God:
Gold:   180        SH: 13    Dex: 19    Spells: 7/7 levels left

rFire   . . .      SeeInvis +    q - +2 spear (flame)
rCold   . . .      Faith    .    h - +2 kite shield
rNeg    + . .      Spirit   .    n - +2 chain mail
rPois   .          Reflect  .    (helmet unavailable)
rElec   .          Harm     .    (no cloak)
rCorr   .          Rampage  .    m - +0 pair of gloves
Will    .....                    (no boots) Stlth
                                 (no amulet)
HPRegen 0.30/turn                b - ring of positive energy
MPRegen 0.11/turn                k - +6 ring of dexterity

@: lethally poisoned (-19 -> -23)
A: permanent stasis, dig shafts and tunnels, antennae 3, four strong arms
a: Dig, Shaft Self


You were on level 5 of the Dungeon.
You visited 1 branch of the dungeon, and saw 5 of its levels.

You collected 180 gold pieces.

Inventory:

Hand Weapons
 a - a +0 war axe
 o - a +1 whip of electrocution
 q - a +2 spear of flaming (weapon)
Armour
 h - a +2 kite shield (worn)
 m - a +0 pair of gloves (worn)
 n - a +2 chain mail (worn)
Jewellery
 b - a ring of positive energy (left hand)
 j - a ring of magical power
 k - a +6 ring of dexterity (right hand)
Wands
 c - a wand of polymorph (5)
 p - a wand of acid (7)
 z - a wand of charming (13)
 B - a wand of flame (6)
Scrolls
 g - 2 scrolls of teleportation
 y - a scroll of identify
Potions
 e - 4 potions of haste
 r - 3 potions of curing


   Skills:
 + Level 5.8 Fighting
 - Level 2.7(3.6) Axes
 + Level 3.5(4.0) Polearms
 + Level 5.7 Armour
 + Level 7.0 Shields


You had 7 spell levels left.
You didn't know any spells.
Your spell library contained the following spells:

 Spells                   Type           Power      Damage    Failure   Level
 Ozocubu's Armour         Ice            0%         N/A       100%        3
 Ozocubu's Refrigeration  Ice            0%         4d7       100%        7


Dungeon Overview and Level Annotations

Branches:
Dungeon (5/15)
 Temple: D:4-7

Altars:

Shops:
D:2 ?

Annotations:
D:4 Dowan, Duvessa
D:5 Menkaure


Innate Abilities, Weirdness & Mutations

You cannot be hasted, slowed, berserked, paralysed or teleported.
You can dig through walls and to a lower floor.
You have a pair of large antennae on your head. (SInv)
Your four strong arms can wield two-handed weapons with a shield.


Message History

You puncture the howler monkey! You burn the howler monkey.
The howler monkey is almost dead.
You block the howler monkey's attack.
The gnoll sergeant hits you from afar with a +3 trident of venom!
You hit the howler monkey. You burn the howler monkey.
You kill the howler monkey!
You block the gnoll sergeant's attack.
An orc comes into view. It is wielding a +0 mace.
Your Shields skill increases to level 7!
Okay, then.
Okay, then.
Really read the scroll of immolation?
As you read the scroll of immolation, it crumbles to dust.
The creatures around you are filled with an inner flame!
You block the gnoll sergeant's attack. You block the orc's attack.
You block the gnoll's attack.
Menkaure murmurs a few words.
Unknown command.
You hit the orc but do no damage. You block the gnoll sergeant's attack.
An orc comes into view. It is wielding a +0 mace.
You block the orc's attack. You block the gnoll's attack.
The orc attacks as you move away! The orc hits you with a +0 club.
The gnoll hits you with a +0 halberd. You block the gnoll sergeant's attack.
Okay, then.
You hit the gnoll.
Flame seeps out of the gnoll.
You burn the gnoll.
Flame seeps out of the gnoll.
The gnoll is moderately wounded.
The gnoll sergeant hits you with a +3 trident of venom.
You are poisoned.
The gnoll is engulfed in blazing flames.
Flame seeps out of the gnoll.
You block the gnoll's attack.
You barely miss the gnoll.
The gnoll is severely wounded.
You feel sick.
The gnoll sergeant hits you with a +3 trident of venom!
The gnoll is engulfed in blazing flames.
The gnoll explodes!
The fiery explosion engulfs you!!!
Ouch! That really hurt!
You die...

#.## #...
#################...
#oo@○§..............
#$...oo##g.....####
##... .....##
#M.....# #.... #...
#......######.M..
...
.............g.....
#.
..........#####..###
#
###.......#####..###
{
..:................
...................


You could see a gnoll sergeant (inner flame), Menkaure (inner flame), an orc
wizard (inner flame) and 3 orcs.

Vanquished Creatures
  An ice beast (D:5)
  2 phantoms
  2 necrophages
  A scorpion (D:4)
  A howler monkey (D:5)
  3 hounds
  A jelly (D:2)
  3 iguanas
  Ijyb (D:5)
  Robin (D:3)
  4 gnolls
  An adder (D:5)
  A worm (D:2)
  A dart slug (D:1)
  5 orcs (D:3)
  4 bats
  8 endoplasms
  5 giant cockroaches
  19 goblins
  9 hobgoblins
  4 jackals
  2 quokkas (D:3)
  10 ball pythons
  3 frilled lizards
  8 kobolds
  7 rats
107 creatures vanquished.

Notes
Turn   | Place    | Note
-------+----------+-------------------------------------------
     0 | D:1      | BigDaddyOpFi the Formicid Fighter began the quest for the
                  | Orb.
     0 | D:1      | Reached XP level 1. HP: 18/18 MP: 1/1
    69 | D:1      | Reached XP level 2. HP: 19/24 MP: 2/2
   341 | D:1      | Reached XP level 3. HP: 24/29 MP: 3/3
  1212 | D:2      | Reached XP level 4. HP: 19/37 MP: 4/4
  1810 | D:2      | Found The Oracle's Delphic Readings.
  1977 | D:3      | Reached skill level 5 in Shields
  1977 | D:3      | Reached XP level 5. HP: 42/42 MP: 5/5
  1988 | D:3      | Noticed Robin
  2000 | D:3      | Reached skill level 1 in Polearms
  2027 | D:3      | Killed Robin
  2333 | D:3      | Reached XP level 6. HP: 43/49 MP: 6/6
  3083 | D:4      | Reached skill level 5 in Fighting
  3083 | D:4      | Reached skill level 5 in Armour
  3083 | D:4      | Reached skill level 6 in Shields
  3083 | D:4      | Reached XP level 7. HP: 56/56 MP: 7/7
  3523 | D:5      | Entered Level 5 of the Dungeon
  3539 | D:5      | Noticed Dowan
  3539 | D:5      | Noticed Duvessa
  4817 | D:5      | Noticed Ijyb
  4823 | D:5      | Reached XP level 8. HP: 63/63 MP: 8/8
  4827 | D:5      | Killed Ijyb
  4898 | D:5      | Noticed Menkaure
  4925 | D:5      | Reached skill level 7 in Shields
  4929 | D:5      | Killed by an exploding gnoll... ignited by their inner
                  | flame

Illustrated notes

Levels and vault maps discovered:
D:1:      eino_arrival_cavern_a, layout_basic
D:2:      layout_loops_cross, nicolae_nh_oracle_at_delphi
D:3:      minmay_general_purpose_star, layout_loops_cross, uniq_robin
D:4:      layout_loops_ring, minmay_surrounded
D:5:      layout_basic, chequers_serial_rivers_micro_d, uniq_ijyb, uniq_sigmund,
          uniq_menkaure, uniq_duvessa

Skill      XL: |  1  2  3  4  5  6  7  8 |
---------------+-------------------------+-----
Fighting       | 4 5 |  5.8
Armour         | 4 5 |  5.7
Shields        | 5 6 7 |  7.0
Polearms       | 1 2 3 |  3.5
Axes           | |  2.7

Action                     |  1- 3 |  4- 6 |  7- 9 || total
---------------------------+-------+-------+-------++-------
  Melee: War axe           |    88 |    14 |       ||   102
         Spear             |       |   146 |   108 ||   254
         Whip              |       |     1 |       ||     1
         Unarmed           |       |       |     3 ||     3
    Use: Scroll            |     4 |       |    10 ||    14
         Potion            |       |     2 |     6 ||     8
   Stab: Distracted        |       |     1 |       ||     1
 Armour: Scale mail        |    29 |       |       ||    29
         Chain mail        |     6 |    71 |    51 ||   128
  Dodge: Dodged            |    37 |    37 |    39 ||   113
  Block: Buckler           |    20 |    45 |    25 ||    90
         Kite shield       |       |       |    35 ||    35

Table legend: (Time is in decaauts)
 A = Elapsed time spent in this place.
 B = Non-inter-level travel time spent in this place.
 C = Inter-level travel time spent in this place.
 D = Time resting spent in this place.
 E = Time spent auto-exploring this place.
 F = Levels seen in this place.
 G = Mean time per level.
                   A        B        C        D        E       F      G
               +--------+--------+--------+--------+--------+-----+--------+
         Total |   4956 |   4807 |    149 |   1253 |   2679 |   5 |  991.2 |
       Dungeon |   4956 |   4807 |    149 |   1253 |   2679 |   5 |  991.2 |
               +--------+--------+--------+--------+--------+-----+--------+

Top non-repeatable levels by time:
     D:4: 1356 daAuts
     D:2: 1301 daAuts
     D:3: 935 daAuts
     D:1: 706 daAuts
     D:5: 656 daAuts
